 Seeded DCSS version 0.31-a0-667-g39726597b9 (webtiles) character file.

Game seed: 8226958467842168542 (custom seed)

265 demibob the Carver (level 5, -1/45 HPs)
             Began as a Minotaur Chaos Knight on Sept 4, 2023.
             Was a Plaything of Xom.
             Slain by Grinder (6 damage)
             ... while paralysed by Grinder
             ... on level 4 of the Dungeon.
             The game lasted 00:03:21 (2569 turns).

demibob the Carver (Minotaur Chaos Knight)          Turns: 2569, Time: 00:03:21

Health: -1/45      AC:  5    Str: 17    XL:     5   Next: 99%
Magic:  4/4        EV:  2    Int:  7    God:    Xom [..*...]
Gold:   1239       SH:  0    Dex: 11    Spells: 4/4 levels left

rFire   . . .        j - +3 demon blade (elec)
rCold   . . .        (no shield)
rNeg    . . .        b - +2 leather armour
rPois   .            (helmet restricted)
rElec   .            (no cloak)
rCorr   .            (no gloves)
SInv    .            (no boots)
Will    .....        (no amulet)
Stlth   +            (no ring)
HPRegen 0.27/turn    (no ring)
MPRegen 0.09/turn

%: clarity
@: paralysed
A: horns 2, retaliatory headbutt, clarity, dopey 1, MP-powered wands
a: Renounce Religion


You were on level 4 of the Dungeon.
You worshipped Xom.
You were a toy of Xom.
You visited 1 branch of the dungeon, and saw 4 of its levels.

You collected 1239 gold pieces.


Innate Abilities, Weirdness & Mutations

You have a pair of horns on your head.
You reflexively headbutt those who attack you in melee.
You possess an exceptional clarity of mind.
You are dopey. (Int -2)
You expend magic power (3 MP) to strengthen your wands.


   Skills:
 - Level 3.6 Fighting
 + Level 8.1 Long Blades
 - Level 2.4 Armour
 - Level 1.1 Dodging


You had 4 spell levels left.
You didn't know any spells.
Your spell library contained the following spells:

 Spells                   Type           Power      Damage    Failure   Level
 Sandblast                Erth           0%         2d4       50%         1
 Passwall                 Tmut/Erth      0%         N/A       63%         2
 Hailstorm                Conj/Ice       0%         3d3       86%         3
 Stone Arrow              Conj/Erth      0%         3d7       86%         3
 Summon Ice Beast         Ice/Summ       0%         N/A       99%         4
 Simulacrum               Ice/Necr       0%         N/A       100%        6

Inventory:

Hand Weapons
 a - a +0 falchion of chaos
 j - a +3 demon blade of electrocution (weapon)
Armour
 b - a +2 leather armour (worn)
Magical Staves
 l - a staff of earth {!a}
Wands
 o - a wand of flame (17)
Scrolls
 c - a scroll of butterflies
 e - a scroll of blinking
 h - a scroll of teleportation {@r2}
 i - 3 scrolls of identify {@r1}
 m - 2 scrolls of amnesia {unknown}
 n - a scroll of noise {unknown}
Potions
 d - 2 potions of heal wounds {unknown}
 f - 3 potions of curing {unknown}
 g - a potion of mutation {unknown}
 k - 2 potions of lignification {unknown}
 p - a potion of cancellation {unknown}

Dungeon Overview and Level Annotations

Branches:
Dungeon (4/15)
 Temple: D:4-7

Altars:

Annotations:
D:3 1 runed translucent door, Crazy Yiuf
D:4 Grinder

#....#......#
#..
#....###..... ..
..##............
..
..##...#######.#
###.##...# #.#
..#.##...# ###
#.#.##...#### #
#5#.........#
#.#@#.........#
#.............#
#.............#
#.............#
#.####........#
#.. #..........
#.# #........##
.. #......... ..
......####


You could see Grinder.


Message History

Grinder is severely wounded.
Grinder gestures at you. Pain shoots through your body!
You hit Grinder. Lightning courses through Grinder!
Grinder is almost dead.
Grinder hits you!
* * * LOW HITPOINT WARNING * * *
You writhe in agony.
* * * LOW HITPOINT WARNING * * *
You are too injured to fight recklessly!
You are too injured to fight recklessly!
Unknown command.
You closely miss Grinder.
Grinder is almost dead.
Grinder gestures at you. Pain shoots through your body!
* * * LOW HITPOINT WARNING * * *
You closely miss Grinder.
Grinder is almost dead.
Grinder barely misses you.
You barely miss Grinder.
Grinder is almost dead.
Grinder gestures at you.
You suddenly lose the ability to move!
Grinder hits you.
* * * LOW HITPOINT WARNING * * *
You writhe in agony.
You die...
Grinder says, "Now the real fun starts!"
Xom howls with laughter!

Skill      XL: |  1  2  3  4  5 |
---------------+----------------+-----
Long Blades    | 4 5 6 7 8 |  8.1
Fighting       | |  3.6
Armour         | |  2.4
Dodging        | |  1.1

Action                     |  1- 3 |  4- 6 || total
---------------------------+-------+-------++-------
  Melee: Falchion          |    83 |    22 ||   105
         Headbutt          |    12 |     8 ||    20
         Punch             |     1 |     1 ||     2
         Demon blade       |       |    60 ||    60
    Use: Scroll            |     1 |     4 ||     5
 Armour: Leather armour    |    54 |    39 ||    93
  Dodge: Dodged            |    70 |    26 ||    96

Levels and vault maps discovered:
D:1:      psy_arrival_statuary, layout_rooms
D:2:      layout_basic, uniq_robin
D:3:      layout_basic, minmay_misc_feat_tiny, corexii_leaking_fountain,
          uniq_jessica, uniq_crazy_yiuf_cottage
D:4:      layout_basic, serial_co_window_serial, co_window_of_opportunity_a,
          co_window_paths_b, co_window_paths_a, co_window_corner_a,
          co_window_paths_a, co_window_corner_ca, co_window_broadway_b,
          co_window_of_opportunity_b, co_window_broadway_a, co_window_paths_c,
          glass_columns_c, glass_columns_a, serial_shops, shop,
          hangedman_decor_riveting, uniq_grinder

Notes
Turn   | Place    | Note
-------+----------+-------------------------------------------
     0 | D:1      | demibob the Minotaur Chaos Knight began the quest for the
                  | Orb.
     0 | D:1      | Reached XP level 1. HP: 19/19 MP: 0/0
    95 | D:1      | Reached skill level 4 in Long Blades
    95 | D:1      | Reached XP level 2. HP: 12/26 MP: 1/1
   214 | D:1      | Reached skill level 5 in Long Blades
   229 | D:1      | Reached XP level 3. HP: 22/31 MP: 2/2
   456 | D:1      | XOM: silly message
   611 | D:2      | XOM: god gift: scroll labelled CINYSS UKHEDUR {god gift}
   680 | D:2      | Noticed Robin
   686 | D:2      | a goblin changed into a shapeshifter
   686 | D:2      | Noticed a shapeshifter (shapeshifter)
   686 | D:2      | a shapeshifter changed into a meliai
   686 | D:2      | Noticed a meliai (shapeshifter)
   688 | D:2      | a meliai changed into a harpy
   688 | D:2      | Noticed a harpy (shapeshifter)
   722 | D:2      | Killed Robin
   723 | D:2      | Reached skill level 6 in Long Blades
   723 | D:2      | Reached XP level 4. HP: 25/39 MP: 3/3
   772 | D:2      | XOM: 1-stop teleportation journey
   868 | D:2      | Noticed a torpor snail
  1030 | D:2      | XOM: give mutations
  1030 | D:2      | Gained mutation: You expend magic power (3 MP) to
                  | strengthen your wands. [Xom's mischief]
  1030 | D:2      | Gained mutation: You are dopey. (Int -2) [Xom's mischief]
  1030 | D:2      | Gained mutation: You possess an exceptional clarity of
                  | mind. [Xom's mischief]
  1129 | D:2      | Identified 2 scrolls of acquirement
  1129 | D:2      | Acquired 1080 gold pieces
  1130 | D:2      | Acquired a +3 demon blade of electrocution
  1365 | D:3      | Reached skill level 7 in Long Blades
  1365 | D:3      | Reached XP level 5. HP: 27/45 MP: 4/4
  1649 | D:3      | XOM: stat loss: -1 Int (6/7)
  2002 | D:3      | Noticed Jessica
  2010 | D:3      | Killed Jessica
  2011 | D:3      | Reached skill level 8 in Long Blades
  2074 | D:3      | XOM: noise
  2151 | D:3      | Found a runed translucent door.
  2152 | D:3      | Noticed Crazy Yiuf
  2558 | D:4      | Noticed Grinder
  2559 | D:4      | Paralysed by Grinder for 4 turns
  2568 | D:4      | Paralysed by Grinder for 2 turns
  2569 | D:4      | Slain by Grinder

Vanquished Creatures
  A hound (D:3)
  An orc priest (D:3)
  Jessica (D:3)
  An orc wizard (D:3)
  Robin (D:2)
  2 adders (D:2)
  A gnoll (D:1)
  3 worms
  A dart slug (D:3)
  10 orcs
  2 bats (D:1)
  11 endoplasms
  A giant cockroach (D:3)
  13 goblins
  8 hobgoblins
  11 jackals
  3 quokkas
  6 ball pythons
  A frilled lizard (D:2)
  4 kobolds
  8 rats
90 creatures vanquished.

Table legend: (Time is in decaauts)
 A = Elapsed time spent in this place.
 B = Non-inter-level travel time spent in this place.
 C = Inter-level travel time spent in this place.
 D = Time resting spent in this place.
 E = Time spent auto-exploring this place.
 F = Levels seen in this place.
 G = Mean time per level.
                   A        B        C        D        E       F      G
               +--------+--------+--------+--------+--------+-----+--------+
         Total |   2571 |   2508 |     63 |     20 |   2038 |   4 |  642.8 |
       Dungeon |   2571 |   2508 |     63 |     20 |   2038 |   4 |  642.8 |
               +--------+--------+--------+--------+--------+-----+--------+

Top non-repeatable levels by time:
     D:3: 1139 daAuts
     D:2: 859 daAuts
     D:1: 500 daAuts
     D:4: 71 daAuts

Table legend:
 A = Non-vault XP
 B = Vault XP
 C = Vault XP percentage of total XP
 D = Non-vault monster count
 E = Vault monster count
 F = Vault count percentage of total count
                 A         B        C        D         E       F
            +---------+---------+-------+---------+---------+-------
      Total |     310 |      69 |  18.2 |      78 |      12 |  13.3
            +---------+---------+-------+---------+---------+-------
        D:1 |      56 |       0 |   0.0 |      26 |       0 |   0.0
        D:2 |      71 |      32 |  31.1 |      24 |      11 |  31.4
        D:3 |     178 |      37 |  17.2 |      26 |       1 |   3.7
        D:4 |       5 |       0 |   0.0 |       2 |       0 |   0.0
            +---------+---------+-------+---------+---------+-------
